3002 views
Uploaded 2020-06-26 16:52:18
Game version 1.32 / 1.32.1
10:06 long 1on1 custom game on (2)EchoIsles
Game name "1v1 on Echo Isles, referees"
Replay saver unknown (Battle.net server failure?)
3002 views
Uploaded 2020-06-26 16:52:18
Game version 1.32 / 1.32.1
10:06 long 1on1 custom game on (2)EchoIsles
Game name "1v1 on Echo Isles, referees"

12 units @ 1.9k
/ 0.3k
10 buildings @ 1.6k
/ 0.5k



| Rod of Necromancy | 3 | 450 |
| Orb of Corruption | 1 | 375 |
| Claws of Attack +6 | 1 | 125 |
| total: | 5 | 950g |
| Acolyte | 3 | 225 | / | 0 |
| Ghoul | 2 | 240 | / | 0 |
| Crypt Fiend | 4 | 860 | / | 160 |
| Obsidian Statue | 3 | 600 | / | 105 |
| total: | 12 | 1925g | / | 265w |
| Altar of Darkness | 1 | 180 | / | 50 |
| Ziggurat | 5 | 750 | / | 250 |
| Crypt | 1 | 200 | / | 50 |
| Tomb of Relics | 1 | 130 | / | 30 |
| Graveyard | 1 | 215 | / | 0 |
| Slaughterhouse | 1 | 140 | / | 135 |
| Halls of the Dead | 1 | 320 | / | 210 |
| Black Citadel | 1 | 325 | / | 230 |
| total: | 10 | 1615g | / | 515w |
| 0:01 | Acolyte |
| 0:01 | Acolyte |
| 0:04 | Altar of Darkness |
| 0:07 | Ziggurat |
| 0:32 | Crypt |
| 0:40 | Acolyte |
| 0:56 | Tomb of Relics |
| 1:14 | Graveyard |
| 1:33 | Ghoul |
| 1:43 | Ghoul |
| 2:05 | Rod of Necromancy |
| 2:06 | Death Coil |
| 2:39 | Halls of the Dead |
| 2:47 | Ziggurat |
| 3:05 | Crypt Fiend |
| 3:39 | Crypt Fiend |
| 3:41 | Unholy Aura |
| 3:47 | Crypt Fiend |
| 4:49 | Rod of Necromancy |
| 5:30 | Black Citadel |
| 5:38 | Slaughterhouse |
| 5:46 | Ziggurat |
| 5:57 | Rod of Necromancy |
| 6:18 | Frost Nova |
| 6:19 | Death Coil |
| 6:47 | Obsidian Statue |
| 6:47 | Crypt Fiend |
| 6:49 | Ziggurat |
| 6:50 | Ziggurat |
| 7:22 | Obsidian Statue |
| 7:29 | Dark Ritual |
| 7:57 | Silence |
| 8:15 | Claws of Attack +6 |
| 8:28 | Creature Carapace |
| 8:29 | Destroyer Form |
| 8:53 | Orb of Corruption |
| 9:37 | Obsidian Statue |
| 9:40 | Burrow |
| 9:40 | Web |
| 9:48 | Black Arrow |
| Right click | 838 |
| Select group | 679 |
| Select | 244 |
| Chat | 76 |
| Build/train/purchase | 55 |
| Assign group | 28 |
| Misc. action | 24 |
| Use ability | 14 |
| Item give/drop | 4 |
14 units @ 2.4k
/ 0.3k
11 buildings @ 1.7k
/ 0.6k


| Rod of Necromancy | 1 | 150 |
| Claws of Attack +6 | 1 | 125 |
| total: | 2 | 275g |
| Acolyte | 2 | 150 | / | 0 |
| Ghoul | 4 | 480 | / | 0 |
| Crypt Fiend | 8 | 1720 | / | 320 |
| total: | 14 | 2350g | / | 320w |
| Graveyard | 1 | 215 | / | 0 |
| Crypt | 1 | 200 | / | 50 |
| Ziggurat | 6 | 900 | / | 300 |
| Altar of Darkness | 1 | 180 | / | 50 |
| Tomb of Relics | 1 | 130 | / | 30 |
| Sacrificial Pit | 1 | 75 | / | 150 |
| Halls of the Dead | 1 | 320 | / | 210 |
| Black Citadel | 1 | 325 | / | 230 |
| total: | 11 | 1700g | / | 580w |
| 0:06 | Graveyard |
| 0:10 | Crypt |
| 0:14 | Acolyte |
| 0:25 | Acolyte |
| 0:41 | Ziggurat |
| 1:02 | Altar of Darkness |
| 1:13 | Ghoul |
| 1:26 | Tomb of Relics |
| 1:52 | Crypt Fiend |
| 2:11 | Ziggurat |
| 2:31 | Crypt Fiend |
| 3:00 | Death Coil |
| 3:01 | Rod of Necromancy |
| 3:20 | Halls of the Dead |
| 3:32 | Ghoul |
| 3:35 | Ghoul |
| 3:51 | Ghoul |
| 4:19 | Ziggurat |
| 4:25 | Unholy Aura |
| 4:37 | Ziggurat |
| 4:39 | Crypt Fiend |
| 4:52 | Claws of Attack +6 |
| 5:33 | Crypt Fiend |
| 5:33 | Crypt Fiend |
| 6:05 | Burrow |
| 6:22 | Web |
| 6:51 | Sacrificial Pit |
| 7:06 | Ziggurat |
| 7:09 | Creature Attack |
| 7:09 | Creature Carapace |
| 7:14 | Frost Nova |
| 8:12 | Black Citadel |
| 8:14 | Improved Creature Attack |
| 8:19 | Crypt Fiend |
| 8:47 | Ziggurat |
| 9:28 | Crypt Fiend |
| 9:28 | Crypt Fiend |
| 9:58 | Unholy Aura |
| Select group | 645 |
| Right click | 523 |
| Select | 193 |
| Misc. action | 54 |
| Build/train/purchase | 34 |
| Assign group | 21 |
| Chat | 20 |
| Use ability | 4 |
| Remove unit | 1 |